 Dungeon Crawl Stone Soup version 0.32-a0-607-g64ea0e4219 (webtiles) character file.

Game seed: 16938402780523825165

313 Gotterdammerung the Grave Robber (level 6, -7/51 HPs)
             Began as a Draconian Necromancer on Mar 3, 2024.
             Mangled by a mummy (25 damage)
             ... in an ossuary.
             The game lasted 00:04:59 (4251 turns).

Gotterdammerung the Grave Robber (DrNe)             Turns: 4251, Time: 00:05:00

Health: -7/51      AC:  6    Str: 10    XL:     6   Next: 19%
Magic:  11/11      EV: 12    Int: 21    God:
Gold:   115        SH:  0    Dex: 10    Spells: 10/11 levels left

rFire   . . .        p - +3 dagger (elec)
rCold   . . .        (no shield)
rNeg    . . .        (body armour unavailable)
rPois   +            d - +0 hat
rElec   .            (no cloak)
rCorr   .            (no gloves)
SInv    .            (no boots)
Will    .....        (no amulet)
Stlth   ++           b - ring of poison resistance
HPRegen 0.28/turn    (no ring)
MPRegen 0.12/turn

%: no passive effects
@: no status effects
A: AC +6, unfitting armour, cold-blooded, clever 1
a: no special abilities


You were in an ossuary.
You visited 1 branch of the dungeon, and saw 4 of its levels.
You also visited: Ossuary.

You collected 115 gold pieces.

Inventory:

Hand Weapons
 o - a +0 flail of venom
 p - a +3 dagger of electrocution (weapon)
Armour
 d - a +0 hat (worn)
Jewellery
 b - a ring of poison resistance (left hand)
Wands
 i - a wand of polymorph (7)
Scrolls
 m - a scroll of identify {@r1}
 n - 2 scrolls of noise
 q - a scroll of acquirement
Potions
 a - a potion of magic
 f - a potion of mutation
 g - a potion of lignification {unknown}
 h - a potion of attraction {unknown}
 j - 5 potions of degeneration
 k - a potion of cancellation
 l - a potion of might {unknown}
 r - a potion of heal wounds {@q1}
 s - 2 potions of berserk rage {unknown}
 t - 2 potions of brilliance {unknown}


   Skills:
 + Level 3.1 Fighting
 + Level 3.3 Dodging
 + Level 3.5 Stealth
 + Level 3.4 Spellcasting
 - Level 4.0 Necromancy


You had 10 spell levels left.
You knew the following spells:

 Your Spells              Type           Power      Damage    Failure   Level
a - Necrotise             Necr           80%        1d8       2%          1

Your spell library contained the following spells:

 Spells                   Type           Power      Damage    Failure   Level
 Vampiric Draining        Necr           20%        2d7       8%          3
 Ensorcelled Hibernation  Hex/Ice        6%         N/A       19%         2
 Animate Dead             Necr           20%        N/A       24%         4
 Passwall                 Erth           3%         N/A       36%         3
 Swiftness                Air            3%         N/A       36%         3
 Curse of Agony           Necr           20%        N/A       56%         5


Dungeon Overview and Level Annotations

Branches:
Dungeon (4/15)            Ossuary (1/1)
 Temple: D:4-7

Altars:

Annotations:
D:2 ignis
D:3 2 transporters, Gruesome's ghost, amateur OpEE


Innate Abilities, Weirdness & Mutations

Your plain brown scales are hard. (AC +6)
You cannot fit into any form of body armour.
You are cold-blooded and may be slowed by cold attacks.
Your mind is acute. (Int +4, Str/Dex -1)


Message History

You hit the burial acolyte. You tail-slap the burial acolyte.
The burial acolyte is heavily wounded.
The burial acolyte hits you with a +0 dagger.
You barely miss the burial acolyte.
The burial acolyte is heavily wounded.
The mummy closely misses you.
The burial acolyte hits you but does no damage.
You hit the burial acolyte.
Your tail-slap misses the burial acolyte.
The burial acolyte is severely wounded.
The mummy closely misses you.
The burial acolyte hits you with a +0 dagger.
You miss the burial acolyte.
The burial acolyte is severely wounded.
The burial acolyte misses you.
You closely miss the burial acolyte. You tail-slap the burial acolyte.
The burial acolyte is almost dead.
The mummy barely misses you.
The burial acolyte hits you with a +0 dagger.
You closely miss the burial acolyte.
The burial acolyte is almost dead.
The burial acolyte hits you with a +0 dagger.
You closely miss the burial acolyte.
Your tail-slap misses the burial acolyte.
The burial acolyte is almost dead.
The mummy hits you.
The burial acolyte hits you but does no damage.
You barely miss the burial acolyte.
The burial acolyte is almost dead.
The mummy closely misses you.
The burial acolyte drones a funeral chant.
The mummy is empowered. x3
Unknown command.
You barely miss the burial acolyte.
The burial acolyte is almost dead.
The burial acolyte closely misses you.
You hit the burial acolyte.
You kill the burial acolyte!
The mummy hits you!!
You die...

## ##M #### !. #
M!!# ?M # ??. #^#
# #.# #.# # ###.#
###'### #@M'##
##.^...## #
#M#M.###^......###
#.#...'.........'.
###.#.'....⌠....'.
#.#...'...^...^.'.
#.#..###.......###
#.''## ##.....## #
###.# ##'#'## #^#
#...# #


You could see 3 mummies.

Vanquished Creatures
  2 burial acolytes (Ossuary)
  A jelly (D:4)
  An orc priest (D:3)
  An iguana (D:3)
  2 mummies
  Robin (D:1)
  4 adders
  2 dart slugs
  4 orcs
  7 ball pythons
  7 bats
  6 endoplasms
  2 giant cockroaches
  3 gnoll zombies (Ossuary)
  19 goblins
  6 hobgoblins
  2 jackals (D:1)
  3 kobolds (D:2)
  2 quokkas
  4 kobold zombies (Ossuary)
  An orc zombie (Ossuary)
  5 rats
85 creatures vanquished.

Vanquished Creatures (collateral kills)
  A hobgoblin (D:1)
  A jackal (D:1)
  A frilled lizard (D:2)
3 creatures vanquished.

Grand Total: 88 creatures vanquished

Notes
Turn   | Place    | Note
-------+----------+-------------------------------------------
     0 | D:1      | Gotterdammerung the Draconian Necromancer began the quest
                  | for the Orb.
     0 | D:1      | Reached XP level 1. HP: 14/14 MP: 3/3
   271 | D:1      | Reached XP level 2. HP: 22/22 MP: 0/5
   613 | D:1      | Reached skill level 1 in Fighting
   975 | D:1      | Reached XP level 3. HP: 28/28 MP: 4/6
  1314 | D:2      | Noticed Robin
  1381 | D:1      | Killed Robin
  1667 | D:2      | Reached XP level 4. HP: 31/36 MP: 1/7
  2384 | D:2      | Found a faded altar of an unknown god.
  2511 | D:3      | Found a transporter.
  2511 | D:3      | Found a transporter.
  2511 | D:3      | Noticed Gruesome's ghost (amateur OpEE)
  2517 | D:3      | Noticed an ice beast
  2872 | D:3      | Reached XP level 5. HP: 42/42 MP: 3/9
  3963 | D:4      | Found a sand-covered staircase.
  4010 | Ossuary  | Entered an ossuary
  4052 | Ossuary  | Reached XP level 6. HP: 34/51 MP: 9/11
  4233 | Ossuary  | HP: 2/51 [mummy (14)]
  4235 | Ossuary  | Identified a scroll of acquirement
  4237 | Ossuary  | Gained mutation: Your mind is acute. (Int +4, Str/Dex -1)
                  | [potion of mutation]
  4251 | Ossuary  | Mangled by a mummy

Illustrated notes

Levels and vault maps discovered:
D:1:      lightli_arrival_statue_moat, layout_loops_ring,
          minmay_stone_trees_small
D:2:      layout_basic, shapermc_ecumenical_altar_mp_vishouse, uniq_robin
D:3:      layout_basic, gammafunk_ghost_arena
D:4:      layout_basic, nicolae_ossuary_entry_giza
Ossuary:  ossuary_crypta

Skill      XL: |  1  2  3  4  5 |
---------------+----------------+-----
Stealth        | 2 3 |  3.5
Dodging        | 2 3 |  3.3
Fighting       | 1 2 3 |  3.1
Spellcasting   | 3 |  3.4
Necromancy     | |  4.0

Action                     |  1- 3 |  4- 6 || total
---------------------------+-------+-------++-------
  Melee: Unarmed           |    48 |     8 ||    56
         Tailslap          |     7 |    15 ||    22
         Dagger            |       |    74 ||    74
   Cast: Necrotise         |    81 |    77 ||   158
    Use: Potion            |       |     6 ||     6
         Scroll            |       |     4 ||     4
   Stab: Sleeping          |       |     1 ||     1
 Armour: Skin              |    55 |    63 ||   118
  Dodge: Dodged            |    55 |    69 ||   124

Table legend: (Time is in decaauts)
 A = Elapsed time spent in this place.
 B = Non-inter-level travel time spent in this place.
 C = Inter-level travel time spent in this place.
 D = Time resting spent in this place.
 E = Time spent auto-exploring this place.
 F = Levels seen in this place.
 G = Mean time per level.
                   A        B        C        D        E       F      G
               +--------+--------+--------+--------+--------+-----+--------+
         Total |   4250 |   4134 |    116 |    213 |   3362 |   5 |  850.0 |
       Dungeon |   4010 |   3894 |    116 |    160 |   3285 |   4 | 1002.5 |
       Ossuary |    240 |    240 |      0 |     53 |     77 |   1 |  240.0 |
               +--------+--------+--------+--------+--------+-----+--------+

Top non-repeatable levels by time:
     D:1: 1284 daAuts
     D:2: 1161 daAuts
     D:3: 1155 daAuts
     D:4: 408 daAuts
 Ossuary: 240 daAuts
